Map: Redshift LE

Players

Bly

  • Race: Zerg Zerg
  • Spawn Location: 7:00

Neeb - Winner!

  • Race: Protoss Protoss
  • Spawn Location: 11:00

Event: WCS Valencia 2018

VOD

Have the link to the VOD?

Description

Time

  • Played on: July 13, 2018, 9:53 a.m.
  • Length: 10:52

All games in this series

Show
View Real Time Build Order
Export as new Build Order

Bly Zerg 

Build Orders: Hatch First 

Get SALT Encoding   

  12  0:01  Drone  
  13  0:12  Overlord  
  13  0:16  Drone  
  14  0:30  Drone x2  
  16  0:47  Hatchery  
  15  0:50  Drone  
  15  0:54  Drone  
  17  0:57  Drone  
  17  1:01  Extractor  
  17  1:14  Spawning Pool  
  17  1:17  Drone  
  17  1:20  Drone  
  18  1:28  Drone  
  19  1:40  Overlord  
  19  1:52  Drone  
  20  2:01  Queen  
  22  2:02  Zergling x4, Queen  
  26  2:13  Metabolic Boost  
  26  2:18  Drone x2  
  28  2:23  Drone  
  28  2:24  Drone  
  30  2:40  Hatchery  
  29  2:46  Queen  
  31  2:53  Overlord  
  31  2:56  Drone  
  32  3:03  Zergling x2  
  32  3:04  Zergling x2  
  34  3:08  Overlord  
  34  3:11  Drone x2  
  35  3:16  Zergling x6  
  35  3:19  Spore Crawler  
  37  3:24  Overlord  
  37  3:29  Overlord  
  37  3:30  Drone  
  38  3:41  Overlord  
  38  3:42  Drone  
  39  3:49  Lair  
  39  3:50  Drone x2  
  39  3:52  Spore Crawler  
  40  3:59  Drone x3  
  43  4:07  Drone x3  
  46  4:14  Drone  
  46  4:15  Drone x2  
  49  4:18  Overlord  
  49  4:20  Drone  
  50  4:26  Drone x2  
  50  4:27  Drone  
  52  4:35  Drone x4  
  55  4:46  Zergling x10  
  55  4:51  Extractor  
  55  4:52  Hydralisk Den  
  58  4:53  Extractor  
  58  4:55  Spore Crawler  
  58  4:57  Extractor, Spore Crawler  
  58  4:59  Drone  
  53  5:00  Spore Crawler  
  53  5:05  Drone  
  53  5:06  Drone x5  
  58  5:07  Drone  
  58  5:09  Drone  
  58  5:11  Drone x3  
  64  5:15  Spore Crawler  
  63  5:28  Zergling x14  
  68  5:35  Zergling x2  
  66  5:38  Baneling Nest  
  63  5:46  Muscular Augments  
  63  5:47  Zergling x10  
  68  5:55  Zergling x2  
  69  5:58  Zergling x4  
  69  6:02  Hydralisk x2  
  75  6:04  Zergling x4  
  74  6:21  Hydralisk x5  
  79  6:29  Drone x3  
  79  6:32  Overlord  
  80  6:38  Overlord  
  80  6:39  Drone x2  
  77  6:49  Drone x4  
  77  6:51  Extractor  
  77  6:53  Centrifical Hooks  
  80  6:57  Grooved Spines  
  80  7:01  Hatchery  
  80  7:05  Zergling x4  
  80  7:06  Zergling x6  
  84  7:11  Zergling x2  
  84  7:17  Hydralisk  
  84  7:18  Hydralisk x4  
  94  7:27  Hydralisk  
  94  7:28  Hydralisk  
  98  7:30  Overseer  
  98  7:33  Baneling x2  
  98  7:34  Baneling  
  98  7:35  Overlord x2  
  98  7:39  Extractor  
  98  7:43  Overlord  
  97  7:50  Baneling x6  
  97  7:53  Drone x2  
  97  7:54  Drone x5  
  104  8:00  Hydralisk x2  
  104  8:02  Overlord, Baneling x2  
  104  8:03  Zergling x8  
  112  8:07  Overlord  
  112  8:15  Overlord, Baneling x4  
  112  8:17  Extractor, Drone x3  
  103  8:35  Zergling x22  
  111  8:41  Zergling x2  
  111  8:42  Zergling x6  
  111  8:44  Baneling x8  
  95  9:06  Hydralisk x9  
  100  9:13  Zergling x8  
  90  9:19  Zergling x6  
  78  9:38  Zergling x10  
  64  9:39  Zergling x2  
  50  9:46  Zergling x4  
  50  9:47  Queen x2  
  50  9:51  Zergling x4  
  57  9:58  Baneling x7  
  53  10:08  Zergling x10  
  57  10:25  Zergling x6  
Show
View Real Time Build Order
Export as new Build Order

Neeb Protoss - Winner!

Build Orders: 1 Gate Expand, Oracle Opening, Phoenix Opening, Zealot Archon 

Get SALT Encoding   

  12  0:00  Probe  
  13  0:12  Probe  
  14  0:17  Pylon  
  14  0:24  Probe  
  15  0:32  Probe  
  15  0:38  Gateway  
  15  0:40  Probe  
  16  0:47  Assimilator  
  17  0:51  Probe  
  18  1:03  Probe  
  19  1:15  Probe  
  20  1:25  Nexus  
  20  1:34  Cybernetics Core  
  20  1:37  Probe  
  21  1:45  Assimilator  
  21  1:50  Probe  
  21  1:51  Pylon  
  22  1:58  Probe  
  22  2:03  Adept  
  22  2:06  Probe  
  26  2:16  Probe  
  26  2:22  Adept  
  26  2:25  Stargate  
  26  2:28  Probe  
  29  2:38  Warp Gate, Probe  
  29  2:40  Probe  
  31  2:46  Adept  
  31  2:50  Probe  
  34  2:52  Probe  
  35  2:58  Oracle  
  35  3:02  Probe  
  35  3:04  Probe  
  40  3:14  Probe  
  40  3:16  Probe  
  42  3:21  Gateway  
  42  3:26  Gateway  
  42  3:28  Probe, Pylon  
  42  3:31  Probe, Phoenix  
  44  3:39  Pylon  
  46  3:46  Probe x2  
  48  3:50  Oracle  
  48  3:53  Assimilator  
  48  3:55  Assimilator  
  48  3:56  Pylon  
  48  3:58  Probe  
  52  4:03  Probe  
  53  4:10  Probe  
  53  4:15  Probe  
  55  4:22  Probe  
  55  4:23  Robotics Facility  
  56  4:25  Pylon  
  56  4:27  Probe  
  57  4:34  Probe  
  58  4:39  Probe  
  58  4:42  Adept x3  
  61  4:46  Probe  
  61  4:51  Probe  
  61  4:52  Twilight Council  
  63  5:03  Nexus  
  63  5:04  Immortal  
  63  5:08  Adept x3  
  73  5:17  Pylon  
  73  5:28  Probe  
  73  5:34  Probe  
  71  5:38  Adept x3  
  71  5:41  Probe  
  77  5:46  Probe  
  77  5:47  Immortal  
  78  5:53  Probe  
  83  5:58  Probe  
  83  6:00  Zealot  
  84  6:13  Gateway, Charge  
  84  6:15  Gateway  
  84  6:17  Gateway  
  80  6:19  Zealot x2  
  80  6:20  Gateway  
  78  6:32  Gateway  
  78  6:35  Gateway, Probe  
  76  6:40  Immortal  
  76  6:45  Zealot x3  
  81  6:55  Templar Archives  
  81  7:01  Probe x2  
  83  7:03  Probe  
  84  7:09  Zealot x3  
  94  7:24  Warp Prism, Pylon  
  94  7:25  Pylon  
  94  7:28  Pylon  
  92  7:32  High Templar x4  
  100  7:43  High Templar x4  
  108  7:44  Zealot  
  108  7:48  Archon x2  
  108  7:49  Archon x2  
  110  7:52  Pylon  
  110  7:53  Probe x3  
  110  7:55  Pylon  
  113  8:05  Observer, Probe x2  
  116  8:09  Zealot x4  
  124  8:13  Pylon  
  124  8:14  Pylon x2  
  124  8:21  Pylon  
  124  8:24  Zealot x5  
  134  8:33  Zealot x4  
  138  8:43  Zealot x4  
  144  8:55  Zealot x3  
  136  9:06  Zealot x4  
  108  9:15  Zealot x2  
  104  9:44  Zealot x3  
  104  9:45  Zealot x5  
  110  10:03  Nexus  
  110  10:09  High Templar x6  
  122  10:14  Warp Prism  
  122  10:15  Archon  
  122  10:16  High Templar x2, Archon x2  
  124  10:24  Archon  
Tags
 
Add a new tag
Caveats
  • Supply blocks, unpowered buildings, or Contaminate may cause inaccurate times.
  • Supply counts are checked every 10 seconds.